 Dungeon Crawl Stone Soup version 0.30-a0-778-g2ef04afb54 (console) character file.

Game seed: 4105646018629861038

224 rlgrobin the Chopper (level 6, -2/51 HPs)
             Began as a Meteoran Fighter on Feb 15, 2023.
             Slain by an ogre
             ... wielding a +0 giant club
              (16 damage)
             ... on level 7 of the Dungeon.
             The game lasted 00:04:46 (782 turns).

rlgrobin the Chopper (Meteoran Fighter)              Turns: 782, Time: 00:04:47

Health: -2/51      AC: 11    Str: 29    XL:     6   Next: 45%
Magic:  7/7        EV:  8    Int: 10    God:
Gold:   80         SH:  5    Dex: 19    Spells: 5/5 levels left

rFire   x . .      SeeInvis .    a - +2 flail {holy, Fragile rF- rN+ Str+9}
rCold   . . .      Faith    .    c - +0 buckler
rNeg    + . .      Spirit   .    j - +0 chain mail
rPois   .          Reflect  .    i - +0 helmet
rElec   .          Harm     .    h - +0 cloak
rCorr   .          Rampage  .    (no gloves)
Will    .....                    (no boots) Stlth
                                 (no amulet)
HPRegen 0.28/turn                m - +6 ring of dexterity
MPRegen 0.10/turn                (no ring)

@: mighty, glowing
A: sense surroundings 1, otherworldly, glowing, explore regen
a: no special abilities


You were on level 7 of the Dungeon.
You visited 1 branch of the dungeon, and saw 7 of its levels.

You collected 80 gold pieces.

Inventory:

Hand Weapons
 a - the +2 flail of Dishonour (weapon) {holy, Fragile rF- rN+ Str+9}
   (You found it on level 3 of the Dungeon)

   Str:       It affects your strength (+9).
   rF:        It makes you vulnerable to fire.
   rN:        It protects you from negative energy.
   Fragile:   It will be destroyed if unequipped.
 f - a +1 trident of pain
 p - a +0 war axe
Armour
 c - a +0 buckler (worn)
 h - a +0 cloak (worn)
 i - a +0 helmet (worn)
 j - a +0 chain mail (worn)
 u - a +0 tower shield
Jewellery
 m - a +6 ring of dexterity (left hand)
Wands
 t - a wand of iceblast (11)
Scrolls
 e - a scroll of vulnerability {unknown}
 g - a scroll of teleportation {unknown}
 k - a scroll of fear {unknown}
 o - 2 scrolls of enchant weapon {unknown}
 q - a scroll of identify {unknown}
 r - a scroll of immolation {unknown}
Potions
 b - a potion of mutation {unknown}
 d - 2 potions of might
 l - a potion of resistance
 n - 2 potions of curing {unknown}
 s - a potion of flight {unknown}
 v - a potion of brilliance {unknown}
 w - a potion of lignification {unknown}


   Skills:
 - Level 3.2 Fighting
 - Level 5.4(6.2) Axes
 + Level 5.0(6.3) Maces & Flails
 - Level 3.6 Armour
 - Level 3.6 Shields


You had 5 spell levels left.
You didn't know any spells.
Your spell library was empty.

Dungeon Overview and Level Annotations

Branches:
Dungeon (7/15) Zot: 3384
 Temple: D:4-7

Altars:


Innate Abilities, Weirdness & Mutations

You passively map a small area around you.
You are easily found by Zot.
You glow in the dark.
You regain HP and MP as you explore.


Message History

You kill the iguana!
Your base Maces & Flails skill increases to level 5!
No target in view!
No target in view!
No target in view!
You see here a hound corpse.
You now have 80 gold pieces (gained 11).
d - 2 potions of might (gained 1)
Found a metallic green potion.
v - a metallic green potion
Found a potion of might.
Found a stone staircase leading down.
d - 3 potions of might (gained 1)
There is a stone staircase leading down here.
You climb downwards.
There is a stone staircase leading up here.
Found an emerald potion.
Found a stone staircase leading down.
w - an emerald potion
There is a stone staircase leading down here.
You climb downwards.
The ogre shouts!
The gnoll shouts!
The lava snake hisses angrily.
There is a stone staircase leading up here.
You feel very mighty all of a sudden. The lava snake spits lava at you.
The glob of lava hits you! The lava burns you terribly!
You sock the ogre!
The ogre is moderately wounded.
The gnoll hits you but does no damage.
The ogre hits you with a +0 giant club!!
Ouch! That really hurt!
* * * LOW HITPOINT WARNING * * *
You hit the ogre.
The ogre is heavily wounded.
The gnoll hits you with a +0 club.
* * * LOW HITPOINT WARNING * * *
You completely miss the ogre.
The ogre is heavily wounded.
The ogre hits you with a +0 giant club!
You die...

* ##≈≈.≈≈##, ,
##≈≈..§§≈## ,*
##§§.§.§.≈≈##
##≈≈.≈≈.≈≈.≈§##
* * *
#≈≈.≈≈≈.≈≈≈§≈§#
*
§§.≈§§...≈§§§§≈*
≈§≈≈≈.....≈≈§.≈
, ,
§§≈§..O@...≈≈≈.
* * *
§§§§≈..g..§≈≈.≈
*
§≈§≈≈≈...S§§§§≈
* *
#§§.≈≈≈.≈≈§.§≈#
, ,
##≈≈.≈≈.≈§.§≈##
* ##§≈.§.≈.≈≈##
##≈≈...≈≈## *,
##≈§.≈≈## ,,* *
~ *


You could see an ogre, a lava snake (catching breath) and a gnoll.

Vanquished Creatures
  A necrophage (D:6)
  A hound (D:5)
  An orc priest (D:3)
  2 iguanas (D:5)
  A dart slug (D:1)
  4 orcs (D:3)
  3 ball pythons
  2 bats (D:1)
  2 giant cockroaches
  3 goblins
  7 hobgoblins
  2 jackals (D:3)
  2 quokkas (D:1)
  3 frilled lizards
  7 kobolds
  3 rats
44 creatures vanquished.

Notes
Turn   | Place    | Note
-------+----------+-------------------------------------------
     0 | D:1      | rlgrobin the Meteoran Fighter began the quest for the Orb.
     0 | D:1      | Reached XP level 1. HP: 19/19 MP: 2/2
    46 | D:1      | Reached XP level 2. HP: 26/26 MP: 3/3
   111 | D:1      | Reached XP level 3. HP: 31/31 MP: 4/4
   389 | D:3      | Reached skill level 5 in Axes
   389 | D:3      | Reached XP level 4. HP: 24/38 MP: 5/5
   483 | D:3      | Identified the +2 flail of Dishonour {holy, Fragile rF- rN+
                  | Str+9}
   544 | D:4      | You fall into a shaft and drop 2 floors!
   617 | D:6      | Noticed a necrophage
   625 | D:6      | Killed a necrophage
   626 | D:6      | Reached XP level 5. HP: 42/45 MP: 6/6
   665 | D:5      | Entered Level 5 of the Dungeon
   675 | D:5      | Reached XP level 6. HP: 42/51 MP: 7/7
   692 | D:5      | Reached skill level 5 in Maces & Flails
   778 | D:7      | Noticed an ogre
   782 | D:7      | Slain by an ogre

Illustrated notes

Levels and vault maps discovered:
D:1:      ebering_trefoil_3fold, layout_rooms, minivault_5
D:2:      layout_loops_corners, chequers_serial_rivers_small_a,
          lightli_corner_chamber
D:3:      minmay_octagon_keep, layout_basic, minmay_misc_feat_cross,
          uniq_grinder
D:4:      layout_cave_pods
D:5:      layout_basic, uniq_eustachio
D:6:      layout_basic, minmay_temple_entry_stoned_glass, uniq_sigmund
D:7:      kennysheep_windowed_halls, layout_loops_ring, cheibriados_altar_1,
          pdpol_wu_jian_five_deadly_venoms, xom_redecorated,
          grunt_temple_overflow_forces_of_nature, kennysheep_diamond

Skill      XL: |  1  2  3  4  5  6 |
---------------+-------------------+-----
Axes           | 3 5 |  5.4
Maces & Flails | 3 5 |  5.0
Fighting       | |  3.2
Armour         | |  3.6
Shields        | |  3.6

Action                     |  1- 3 |  4- 6 || total
---------------------------+-------+-------++-------
  Melee: War axe           |    64 |    28 ||    92
         Flail             |       |    29 ||    29
    Use: Potion            |       |     1 ||     1
 Armour: Scale mail        |    30 |       ||    30
         Chain mail        |     4 |    26 ||    30
  Dodge: Dodged            |    35 |    18 ||    53
  Block: Buckler           |    22 |    16 ||    38

Table legend: (Time is in decaauts)
 A = Elapsed time spent in this place.
 B = Non-inter-level travel time spent in this place.
 C = Inter-level travel time spent in this place.
 D = Time resting spent in this place.
 E = Time spent auto-exploring this place.
 F = Levels seen in this place.
 G = Mean time per level.
                   A        B        C        D        E       F      G
               +--------+--------+--------+--------+--------+-----+--------+
         Total |    814 |    814 |      0 |      0 |      0 |   7 |  116.3 |
       Dungeon |    814 |    814 |      0 |      0 |      0 |   7 |  116.3 |
               +--------+--------+--------+--------+--------+-----+--------+

Top non-repeatable levels by time:
     D:1: 251 daAuts
     D:3: 240 daAuts
     D:6: 152 daAuts
     D:5: 84 daAuts
     D:2: 81 daAuts
     D:7: 3 daAuts
